Map: Hard Lead LE

Players

Oakshlave - Winner!

  • Race: Zerg Zerg
  • League: Platinum
  • Spawn Location: 11:00

Subwayeatn

  • Race: Terran Terran
  • League: Platinum
  • Spawn Location: 5:00

VOD

Have the link to the VOD?

Description

Time

  • Played on: Oct. 24, 2023, 9:27 p.m.
  • Length: 13:18
Show
View Real Time Build Order
Export as new Build Order

Oakshlave Zerg - Winner!

Build Orders: Hatch First 

Get SALT Encoding   

  12  0:00  Drone  
  13  0:12  Overlord  
  13  0:19  Drone  
  14  0:31  Drone  
  14  0:32  Drone  
  16  0:37  Drone  
  17  0:54  Hatchery  
  16  0:57  Drone  
  16  1:02  Drone  
  18  1:05  Extractor  
  17  1:17  Spawning Pool  
  16  1:20  Drone  
  16  1:23  Drone  
  18  1:31  Drone  
  19  1:39  Drone  
  20  1:49  Overlord  
  20  2:04  Queen  
  20  2:06  Zergling x2  
  20  2:08  Queen  
  23  2:15  Zergling x2  
  26  2:24  Drone x3  
  29  2:30  Drone  
  29  2:36  Metabolic Boost  
  30  2:40  Drone  
  30  2:44  Queen  
  31  2:46  Overlord  
  33  3:05  Drone, Hatchery  
  34  3:11  Drone x3  
  36  3:21  Drone  
  37  3:28  Drone x3  
  37  3:29  Drone x2  
  37  3:34  Queen  
  44  3:42  Overlord x2  
  44  3:50  Extractor  
  44  3:52  Drone, Baneling Nest  
  43  3:59  Zergling x2  
  43  4:00  Zergling x2  
  44  4:08  Zergling x6  
  47  4:15  Drone x3  
  50  4:17  Drone  
  50  4:20  Drone  
  52  4:34  Drone  
  52  4:35  Drone x7  
  60  4:40  Lair  
  60  4:42  Drone  
  60  4:43  Drone x2  
  63  5:09  Drone  
  63  5:10  Drone x2  
  63  5:12  Overlord x3  
  63  5:13  Overlord  
  66  5:23  Evolution Chamber  
  66  5:25  Overlord, Evolution Chamber  
  64  5:33  Overlord  
  64  5:34  Overlord x2  
  64  5:39  Centrifugal Hooks  
  64  5:41  Zergling x6  
  64  5:42  Zergling x12  
  73  5:56  Zerg Ground Armor Level 1  
  73  5:57  Zerg Melee Weapons Level 1  
  73  5:59  Hatchery  
  73  6:03  Hatchery  
  70  6:06  Zergling x2  
  70  6:07  Zergling x16  
  79  6:21  Zergling x18  
  79  6:22  Zergling x2  
  79  6:24  Hatchery  
  88  6:25  Overlord  
  88  6:26  Overlord, Hatchery  
  88  6:30  Overlord  
  87  6:36  Drone x2  
  87  6:39  Drone x2  
  91  6:44  Baneling x15  
  91  6:45  Baneling x2  
  91  6:51  Drone x4  
  95  6:55  Zergling x8  
  95  6:59  Spore Crawler  
  98  7:02  Spore Crawler  
  98  7:05  Spore Crawler  
  98  7:06  Drone  
  97  7:10  Zergling x2  
  97  7:11  Zergling x10  
  103  7:24  Zergling x8  
  103  7:25  Zergling x14  
  103  7:29  Infestation Pit  
  113  7:42  Drone x3  
  115  7:44  Extractor  
  115  7:45  Drone x2  
  115  7:46  Extractor  
  115  7:47  Drone x3  
  115  7:49  Zergling x20  
  70  8:36  Zergling x36  
  70  8:37  Zergling x18  
  91  8:42  Drone  
  91  8:43  Drone x3  
  89  8:52  Zergling x12  
  93  9:00  Zerg Melee Weapons Level 2, Zerg Ground Armor Level 2  
  93  9:09  Queen  
  93  9:12  Queen  
  93  9:15  Zergling x8, Hive  
  101  9:21  Baneling  
  101  9:22  Baneling x9  
  99  9:25  Zergling x2  
  94  9:39  Zergling x8  
  94  9:40  Zergling x16  
  106  9:55  Drone x11  
  106  9:57  Overlord  
  99  10:08  Zergling x16  
  99  10:14  Overseer  
  100  10:18  Zergling x12  
  100  10:19  Zergling x2  
  106  10:29  Zergling x18  
  106  10:33  Ultralisk Cavern  
  114  10:47  Drone x9  
  114  10:48  Drone x2  
  125  10:52  Baneling x6  
  96  11:17  Zergling x2  
  96  11:18  Zergling x46  
  103  11:19  Zergling x12  
  103  11:21  Chitinous Plating  
  115  11:31  Zergling x2  
  115  11:32  Zergling x24  
  127  11:51  Ultralisk x3  
  127  11:52  Ultralisk  
  151  11:55  Baneling x8  
  151  11:56  Baneling  
  151  12:10  Extractor  
  151  12:12  Extractor, Ultralisk  
  155  12:23  Drone x3  
  155  12:25  Drone x3  
  161  12:32  Zergling x8  
  161  12:33  Zergling x24  
Show
View Real Time Build Order
Export as new Build Order

Subwayeatn Terran 

Build Orders:  

Get SALT Encoding   

  12  0:00  SCV  
  13  0:12  SCV  
  14  0:18  Supply Depot  
  14  0:24  SCV  
  15  0:40  Barracks  
  15  0:41  SCV  
  16  0:53  SCV  
  17  1:02  Supply Depot  
  17  1:03  Refinery  
  17  1:05  SCV  
  18  1:17  SCV  
  19  1:31  Marine  
  20  1:34  Orbital Command  
  20  1:54  Barracks Tech Lab  
  20  1:56  Reaper  
  21  2:10  SCV  
  21  2:15  Command Center  
  22  2:26  SCV  
  23  2:32  Reaper  
  23  2:33  Supply Depot  
  24  2:39  SCV  
  25  2:51  SCV  
  26  2:52  Factory  
  26  2:56  Refinery  
  26  3:03  SCV  
  27  3:13  Barracks Reactor  
  27  3:15  SCV  
  28  3:22  Barracks  
  28  3:27  SCV  
  28  3:32  Orbital Command  
  29  3:36  Engineering Bay  
  29  3:39  SCV  
  30  3:48  Factory Reactor  
  30  3:51  SCV  
  31  4:03  Supply Depot, SCV  
  32  4:11  Barracks  
  32  4:15  SCV  
  32  4:19  Barracks Tech Lab  
  32  4:24  Terran Infantry Weapons Level 1  
  32  4:29  Marine x2  
  34  4:35  Widow Mine x2  
  34  4:36  SCV  
  39  4:44  Orbital Command  
  39  4:47  Starport  
  39  4:48  SCV  
  40  5:00  SCV  
  40  5:05  Missile Turret  
  41  5:12  SCV  
  41  5:14  Barracks Reactor  
  42  5:15  Combat Shield  
  42  5:16  Refinery  
  42  5:17  Refinery  
  42  5:21  Marine x3  
  42  5:24  Widow Mine x2  
  49  5:29  Starport Reactor  
  49  5:30  SCV  
  50  5:39  Marine  
  50  5:42  SCV  
  52  5:54  SCV  
  53  6:06  SCV  
  53  6:07  Bunker  
  54  6:18  SCV  
  54  6:20  Widow Mine x2  
  54  6:21  Medivac  
  61  6:30  Supply Depot  
  61  6:31  Supply Depot, SCV  
  61  6:32  Terran Infantry Armor Level 1  
  62  6:34  Stimpack  
  62  6:51  Medivac x2, Marine x4  
  62  6:52  Supply Depot  
  62  6:53  Marine  
  71  6:57  SCV  
  72  7:09  SCV  
  72  7:10  Marine  
  72  7:15  Supply Depot  
  74  7:21  Medivac  
  76  7:24  SCV  
  76  7:28  Marine x3  
  80  7:36  SCV  
  81  7:39  Command Center  
  81  7:46  Marine x2  
  81  8:12  SCV  
  78  8:24  SCV  
  78  8:36  SCV  
  77  8:41  Marine x3  
  78  8:56  Widow Mine x2  
  78  8:58  Medivac x2  
  78  8:59  Marine x3  
  89  9:14  Barracks  
  89  9:17  Marine x3  
  89  9:18  Widow Mine  
  93  9:28  Medivac  
  84  9:46  Engineering Bay  
  84  9:49  Supply Depot  
  84  9:51  Supply Depot  
  84  10:03  Starport  
  83  10:17  SCV  
  83  10:20  Marine x3  
  83  10:21  Marine  
  88  10:29  SCV  
  88  10:34  Liberator x2  
  95  10:37  Marine x2  
  95  10:38  Marine x4  
  95  10:42  Hellion x2  
  105  10:44  SCV  
  106  10:56  SCV  
  107  11:08  SCV  
  100  11:18  Marine x4  
  82  11:20  SCV  
  84  11:32  SCV  
  84  11:36  Marine x2  
  85  11:42  Marine  
  87  11:47  Barracks Reactor  
  87  11:53  Marine  
  87  11:54  Marine  
  87  11:56  Starport Tech Lab  
  87  12:00  Marine  
  89  12:10  SCV  
  89  12:11  Marine x2  
  92  12:16  Bunker  
  92  12:17  Marine  
  93  12:29  Armory  
  93  12:39  SCV  
  93  12:40  Marine x2  
  82  12:45  Starport  
  82  12:46  Supply Depot  
  69  13:10  Supply Depot  
Tags
 
Matchup
TvZ
Replay Pack
Multiplayer
Spawn Locations
Cross Positions
Add a new tag
Caveats
  • Supply blocks, unpowered buildings, or Contaminate may cause inaccurate times.
  • Supply counts are checked every 10 seconds.